Map: Terraform LE (Void)

Players

Bubbly - Winner!

  • Race: Zerg Zerg
  • League: Silver

wabbajack

  • Race: Zerg Zerg
  • League: Gold

VOD

Have the link to the VOD?

Description

Time

  • Played on: July 22, 2015, 12:29 a.m.
  • Length: 7:27
Show
View Real Time Build Order
Export as new Build Order

Bubbly Zerg - Winner!

Build Orders: Hatch First 

Get SALT Encoding   

  12  0:01  Drone  
  13  0:13  Drone  
  14  0:17  Overlord  
  14  0:36  Drone x2  
  14  0:37  Drone  
  17  0:47  Drone  
  18  1:00  Hatchery  
  18  1:02  Drone  
  18  1:09  Drone  
  19  1:20  Drone, Spawning Pool  
  19  1:25  Extractor  
  18  1:35  Drone  
  19  1:41  Drone  
  20  1:53  Overlord  
  20  2:06  Queen  
  20  2:08  Overlord  
  22  2:12  Queen  
  22  2:14  Drone  
  25  2:25  Drone x2  
  27  2:37  Spine Crawler, Zergling x6  
  29  2:44  Spine Crawler  
  29  2:45  Zergling x2  
  29  2:47  Zergling x2  
  29  2:50  Metabolic Boost  
  30  2:56  Drone  
  31  3:02  Drone  
  32  3:08  Drone  
  32  3:11  Drone  
  34  3:19  Drone  
  35  3:22  Drone x3  
  35  3:23  Drone  
  39  3:29  Drone  
  39  3:33  Drone  
  41  3:41  Drone  
  41  3:42  Drone x2  
  38  3:58  Drone  
  39  4:17  Evolution Chamber  
  39  4:18  Evolution Chamber  
  37  4:26  Roach Warren  
  37  4:31  Drone x3  
  37  4:35  Extractor  
  37  4:37  Extractor  
  37  4:39  Queen  
  39  4:53  Drone x2  
  39  4:57  Drone x3  
  44  5:08  Overlord x3  
  44  5:09  Overlord x3  
  44  5:22  Spore Crawler  
  44  5:24  Spore Crawler  
  42  5:29  Roach x3  
  42  5:30  Roach x3  
  54  5:36  Roach  
  54  5:39  Roach  
  55  5:56  Roach x2  
  55  5:57  Roach x6  
  63  5:58  Roach x2  
  66  6:19  Ravager x3  
  66  6:22  Zergling x2  
  66  6:23  Zergling x8  
  75  6:40  Zergling x4  
  76  6:53  Zergling x2  
  76  6:54  Zergling x12  
  80  6:55  Zergling x6  
Show
View Real Time Build Order
Export as new Build Order

wabbajack Zerg 

Build Orders: Pool First 

Get SALT Encoding   

  12  0:01  Drone  
  13  0:09  Drone  
  14  0:20  Overlord  
  14  0:27  Extractor  
  13  0:28  Drone  
  13  0:29  Extractor  
  13  0:30  Drone  
  16  0:51  Spawning Pool  
  16  0:52  Drone, Extractor  
  16  0:53  Drone  
  16  0:59  Drone  
  17  1:16  Drone x2  
  19  1:27  Overlord  
  19  1:38  Queen  
  19  1:39  Zergling x2  
  22  1:51  Baneling Nest  
  21  2:02  Zergling x2  
  21  2:03  Zergling x2  
  23  2:16  Pneumatized Carapace  
  23  2:20  Hatchery  
  22  2:35  Drone x2, Overlord  
  24  2:45  Baneling x2  
  24  2:53  Baneling  
  24  2:59  Baneling  
  23  3:14  Zergling x6  
  23  3:15  Zergling x2  
  23  3:17  Spine Crawler  
  26  3:20  Spine Crawler  
  26  3:23  Spine Crawler  
  24  3:32  Queen  
  26  3:40  Metabolic Boost  
  23  4:06  Zergling x4  
  25  4:24  Drone  
  25  4:25  Drone x8  
  25  4:27  Drone  
  25  4:29  Overlord  
  35  4:35  Lair  
  35  4:52  Baneling x3  
  35  4:58  Baneling  
  35  5:07  Overlord  
  35  5:12  Roach Warren, Drone  
  35  5:13  Drone x3  
  33  6:12  Hydralisk Den, Extractor  
  33  6:13  Drone x11  
  33  6:14  Drone x2  
  33  6:15  Overlord x2, Extractor  
  43  6:21  Queen  
  43  6:22  Hatchery  
  44  6:27  Evolution Chamber  
  43  6:32  Queen  
  43  6:33  Drone  
  43  6:35  Extractor  
  45  6:42  Overlord  
  45  6:54  Overlord x2  
  45  7:00  Drone x3  
  48  7:06  Zergling x8  
Tags
 
Add a new tag
Caveats
  • Supply blocks, unpowered buildings, or Contaminate may cause inaccurate times.
  • Supply counts are checked every 10 seconds.